 Dungeon Crawl Stone Soup version 0.18-a0-1560-ge216ca8 (webtiles) character file.

12340 M4edhros the Covert (level 11, -1/64 HPs)
             Began as an Octopode Artificer on Mar 12, 2016.
             Was a High Priest of Fedhas.
             Slain by a red ugly thing (15 damage)
             ... on level 11 of the Dungeon on Mar 13, 2016.
             The game lasted 00:33:40 (19248 turns).

M4edhros the Covert (Octopode Artificer)           Turns: 19248, Time: 00:33:40

Health: -1/64      AC:  3    Str: 13    XL:     11   Next: 91%
Magic:  26/26      EV: 20    Int: 10    God:    Fedhas [*****.]
Gold:   614        SH:  0    Dex: 16    Spells: 0 memorised, 10 levels left

rFire  . . .     SeeInvis .     e - +3 short sword (drain)
rCold  . . .     Gourm    .     (no shield)
rNeg   . . .     Faith    .     X - +2 hat
rPois  +         Spirit   .     h - amulet of rage
rElec  .         Dismiss  .     g - ring of magical power
rCorr  .         Reflect  .     (no ring)
SustAt .         Harm     .     u - ring of poison resistance
MR     .....                    (no ring)
Stlth  ++++++++..               (no ring)
                                (no ring)
                                (no ring)
                                (no ring)

@: not resistant to hostile enchantments, extraordinarily stealthy
A: almost no armour, amphibious, 8 rings, constrict 8, fangs 1, camouflage 1,
blink, dopey 2, sense surroundings 1, regeneration 1, strong 1, wild magic 1,
gelatinous body 1
a: Blink, Evolution, Sunlight, Growth, Reproduction, Rain, Renounce Religion,
Evoke Berserk Rage


You were on level 11 of the Dungeon.
You worshipped Fedhas.
Fedhas was extremely pleased with you.
You were not hungry.

You visited 2 branches of the dungeon, and saw 12 of its levels.
You visited the Abyss 1 time.
You also visited: Bailey.

You collected 747 gold pieces.
You spent 133 gold pieces at shops.

Inventory:

Hand Weapons
 e - a +3 short sword of draining (weapon)
 n - a +0 blowgun
 Q - the +3 arbalest "Obatouqo" {speed, Dex+6}
   (You took it off a goblin in a bailey)

   Attacks with this weapon are significantly faster.
   It affects your dexterity (+6).
Missiles
 i - 4 exploding tomahawks (quivered)
 k - 18 bolts of frost
 o - 7 curare-tipped needles
 Y - 56 bolts
Armour
 p - a +1 buckler
 X - a +2 hat (worn)
Rods
 a - a +5 rod of ignition (15/15)
   (You acquired it on level 9 of the Dungeon)
Jewellery
 g - a ring of magical power (left tentacle)
 h - an amulet of rage (around mantle)
 u - a ring of poison resistance (on tentacle)
 D - an uncursed amulet of harm
 G - the amulet "Asixkuq" {Dismiss rN+ Str-2 SInv}
   (You found it on level 7 of the Dungeon)

   [amulet of dismissal]

   It may teleport away creatures that harm you.
   It affects your strength (-2).
   It protects you from negative energy.
   It lets you see invisible.
Wands
 b - a wand of random effects (18/48)
 c - a wand of enslavement (9/24)
 d - a wand of random effects (2/48)
 q - a wand of confusion (23/48)
 r - a wand of slowing (14/48)
 H - a wand of random effects (29/48)
 I - a wand of teleportation (2/9)
 J - a wand of polymorph (8/24)
 M - a wand of iceblast (6/15)
 R - a wand of paralysis (0/24)
 S - a wand of iceblast (10/15)
 V - a wand of digging (9/24)
 Z - a wand of iceblast (6/15)
Scrolls
 l - a scroll of enchant weapon
 t - 3 scrolls of fear
 w - a scroll of magic mapping
 y - 2 scrolls of noise
 B - 2 scrolls of immolation
 C - 4 scrolls of brand weapon
 N - a scroll of holy word {unknown}
 O - a scroll of fog
 T - a scroll of torment
Potions
 f - a potion of magic
 j - 3 potions of brilliance
 m - 2 potions of flight
 v - 3 potions of cure mutation
 z - 3 potions of curing
 E - a potion of heal wounds
 F - a potion of agility
 L - a potion of invisibility
 P - 4 potions of resistance
 U - a potion of might {unknown}
Books
 W - Sif Muna's Papyrus of Displaced Necromancy
   (You found it on level 10 of the Dungeon)

   Spells                             Type                      Level
   a - Pain                           Necromancy                   1
   b - Sublimation of Blood           Necromancy                   2
   c - Recall                         Summoning/Translocation      3
   d - Portal Projectile              Translocation                3
   e - Simulacrum                     Ice/Necromancy               6
Comestibles
 s - 5 fruits
 x - 5 beef jerkies
 A - 2 meat rations
 K - 5 bread rations


   Skills:
 + Level 1.7 Fighting
 - Level 1.0 Short Blades
 * Level 11.1 Dodging
 + Level 14.1 Stealth
 + Level 8.7 Invocations
 * Level 9.0 Evocations


You had 10 spell levels left.
You didn't know any spells.

Dungeon Overview and Level Annotations

Branches:
Dungeon (11/15)            Temple (1/1) D:5            Lair (0/8) D:10
    Orc: D:9-12

Altars:
Ashenzari
Cheibriados
Dithmenos
Elyvilon
Fedhas
Gozag
Kikubaaqudgha
Makhleb
Nemelex Xobeh
Okawaru
Pakellas
Qazlal
Sif Muna
Trog
Vehumet
Xom
Yredelemnul
Zin
The Shining One

Shops:
D:4 ?   D:6 :


Innate Abilities, Weirdness & Mutations

You cannot wear most types of armour.
You are amphibious.
You can wear up to eight rings at the same time.
You can use your tentacles to constrict eight enemies at once.
Your skin changes colour to match your surroundings (Stealth).
Your rubbery body absorbs attacks (AC +1).
You have very sharp teeth.
You can translocate small distances at will.
You are very dopey. (Int -4)
You passively map a small area around you.
Your natural rate of healing is unusually fast.
Your muscles are strong. (Str +2)
Your spells are a little harder to cast, but a little more powerful.


Message History

Evoking this partially-identified wand wasted a few charges.
The red ugly thing misses you.
Evoke which item? (* to show all) (? for menu, Esc to quit)
Zapping:
R - a wand of paralysis {zapped: 11} (will waste charges)
Press: ? - help, Shift-Dir - straight line, f/p - red ugly thing
Aim: a red ugly thing (severely wounded, confused, lightly drained, chance to defeat MR: 48%) Nothing appears to happen.
The red ugly thing seems less drained.
Evoke which item? (* to show all) (? for menu, Esc to quit)
This wand has no charges.
Unknown command.
Evoke which item? (* to show all) (? for menu, Esc to quit)
Zapping:
q - a wand of confusion (will waste charges)
Press: ? - help, Shift-Dir - straight line, f/p - red ugly thing
Aim: a red ugly thing (severely wounded, confused, chance to defeat MR: 48%)
The red ugly thing resists with some effort.
Evoking this partially-identified wand wasted a few charges.
The red ugly thing seems less confused.
The red ugly thing engulfs you!
You die...
Xom roars with laughter!
Fedhas appreciates your contribution to the ecosystem.

........#...#.....#.........#
........#...#.....#.........#
........#...#.....#.#.......#
......f.#...#.....#######'###
.......f#...#.....#.........#
....)...#...#.....#.........#
........#...#.....#.........#
........'...#.....#...##....#
.......f#####...@.######....#
........f.......u.#.........#
..................'.........#
..................#.........#
..................#.........#
.............######.........#
.............#........#######
.............#...>....##...##
.............#...u....'.....#


You could see a red ugly thing.

Vanquished Creatures
  2 orc high priests (Bailey)
  Pikel (D:8)
  A cyclops (D:11)
  Maurice (D:9)
  A torpor snail (Bailey)
  A kobold demonologist (D:11)
  3 trolls
  2 slime creatures (D:10)
  Sigmund (D:5)
  2 flying skulls (Abyss:1)
  6 yaks (D:10)
  A shadow (D:11)
  A hungry ghost (D:11)
  4 orc warriors (Bailey)
  A slave (D:8)
  2 ice beasts
  A phantom (D:9)
  A sky beast (D:6)
  A wasp (D:7)
  An eye of draining (D:11)
  A black bear (D:6)
  6 ogres
  6 centaurs
  A crocodile (D:7)
  3 giant frogs
  A big kobold (D:10)
  A gnoll sergeant (D:8)
  4 scorpions
  2 killer bees (D:10)
  The ghost of namnharef the Ruffian, a weakling FoMo (D:3)
  3 electric eels (Bailey)
  6 howler monkeys (D:10)
  A jelly (D:5)
  7 crimson imps
  13 orc priests
  A gnoll shaman (D:7)
  3 giant frog skeletons
  8 hounds
  Ijyb (D:2)
  3 centaur skeletons
  Jessica (D:3)
  7 orc wizards
  7 worker ants
  4 iguanas
  A hound skeleton (D:7)
  9 adders
  14 gnolls
  A howler monkey skeleton (D:7)
  3 shadow imps
  An ufetubus (Abyss:1)
  4 oozes
  2 adder skeletons
  2 worms
  A dart slug (D:2)
  6 giant geckos
  23 orcs
  3 giant cockroaches
  11 goblins
  12 hobgoblins
  3 jackals (D:1)
  5 quokkas
  A ball python (D:1)
  3 bats
  A giant gecko zombie (D:6)
  6 giant newts
  12 kobolds
  A quokka skeleton (D:5)
  8 rats
258 creatures vanquished.

Vanquished Creatures (collateral kills)
  The ghost of namnharef the Prestidigitator, a journeyman DDMo of Makhleb (D:10)
  Erica (D:8)
  2 slime creatures (D:10)
  A boulder beetle (D:11)
  2 yaks (D:10)
  A hippogriff (D:7)
  A hungry ghost (D:7)
  5 orc warriors
  A slave (D:8)
  3 sky beasts (D:7)
  A phantom (D:9)
  3 ogres
  A big kobold (D:9)
  A giant frog (D:8)
  A scorpion (D:10)
  2 killer bees (D:10)
  2 crimson imps (D:5)
  An iguana (D:5)
  An orc wizard (D:5)
  2 worker ants (D:5)
  6 gnolls
  4 orcs
  3 goblins (Bailey)
  3 hobgoblins (Bailey)
  A giant gecko zombie (D:8)
  A giant newt (D:5)
  A kobold (D:9)
52 creatures vanquished.

Vanquished Creatures (others)
  A rakshasa (D:6)
  A slave (D:8)
  2 electric eels (Bailey)
  A hound (D:4)
  A killer bee zombie (D:11)
  8 wandering mushrooms
  219 toadstools
233 creatures vanquished.

Grand Total: 543 creatures vanquished

Notes
Turn   | Place    | Note
--------------------------------------------------------------
     0 | D:1      | M4edhros the Octopode Artificer began the quest for the Orb.
     0 | D:1      | Reached XP level 1. HP: 13/13 MP: 3/3
    94 | D:1      | Reached skill level 2 in Stealth
    94 | D:1      | Reached XP level 2. HP: 18/18 MP: 4/4
   181 | D:2      | Noticed Ijyb
   195 | D:2      | Killed Ijyb
   195 | D:2      | Reached skill level 3 in Stealth
   195 | D:2      | Reached XP level 3. HP: 19/23 MP: 5/5
   278 | D:2      | Reached XP level 4. HP: 25/28 MP: 6/6
   947 | D:4      | Reached skill level 4 in Stealth
  1196 | D:4      | Reached XP level 5. HP: 33/33 MP: 8/8
  1204 | D:4      | Reached skill level 5 in Stealth
  1251 | D:4      | Reached XP level 6. HP: 6/38 MP: 9/9
  1559 | D:4      | Reached skill level 6 in Stealth
  1620 | D:4      | Reached skill level 5 in Evocations
  1687 | D:4      | Found Umagezul's Magic Scroll Shop.
  1691 | D:4      | Bought a scroll of remove curse for 42 gold pieces
  1691 | D:4      | Bought a scroll of fear for 49 gold pieces
  1691 | D:4      | Bought a scroll of teleportation for 42 gold pieces
  2063 | D:4      | Reached XP level 7. HP: 43/43 MP: 10/10
  2144 | D:5      | Entered Level 5 of the Dungeon
  2351 | D:5      | Found a staircase to the Ecumenical Temple.
  2357 | D:5      | Reached skill level 7 in Stealth
  2369 | Temple   | Entered the Ecumenical Temple
  2587 | Temple   | Became a worshipper of Xom of Malevolent Giggling
  2846 | Temple   | XOM: harmless Air miscast
  3598 | Temple   | XOM: colour smoke trail
  3711 | Temple   | XOM: cast spell 'Necromutation'
  4786 | Temple   | XOM is BORED!
  4786 | Temple   | XOM: medium Ice miscast
  4816 | Temple   | XOM: divination: detect creatures
  4951 | Temple   | XOM: harmless Tloc miscast
  5154 | Temple   | XOM: harmless Air miscast
  5353 | Temple   | XOM: harmless Hex miscast
  5512 | Temple   | XOM: colour smoke trail
  5527 | Temple   | XOM: medium Trmt miscast
  5604 | Temple   | Gained mutation: You are dopey. (Int -2) [mutagenic glow]
  5984 | Temple   | XOM: cast spell 'Dragon Form'
  6056 | Temple   | XOM: torment (23/43 hp)
  6714 | Temple   | XOM: medium Trmt miscast
  6962 | Temple   | XOM: give mutation
  6962 | Temple   | Gained mutation: You are frail (-10% HP). [Xom's mischief]
  7477 | Temple   | XOM: torment (20/38 hp)
  7557 | Temple   | XOM: 3-stop teleportation journey
  7818 | Temple   | XOM is BORED!
  7818 | Temple   | XOM: give mutations
  7818 | Temple   | Gained mutation: You passively map a small area around you. [Xom's mischief]
  7818 | Temple   | Gained mutation: You are weak. (Str -2) [Xom's mischief]
  7818 | Temple   | Gained mutation: You are very dopey. (Int -4) [Xom's mischief]
  7818 | Temple   | Lost mutation: You are frail (-10% HP). [Xom's mischief]
  7851 | Temple   | XOM: stat loss: -1 Dex (14/14)
  8042 | Temple   | XOM: severe Fire miscast
  8239 | Temple   | XOM: medium Ice miscast
  8732 | Temple   | Fell from the grace of Xom
  8732 | Temple   | Became a worshipper of Fedhas Madash
  9319 | D:2      | XOM: mild Chrm miscast
  9407 | D:2      | XOM: severe Summ miscast
  9408 | D:2      | Cast into level 1 of the Abyss (the severe capriciousness of Xom)
  9440 | Abyss:1  | Noticed a tentacled starspawn
  9504 | Abyss:1  | Noticed a worldbinder
  9667 | Abyss:1  | Noticed a flying skull
  9670 | Abyss:1  | Noticed a flying skull
  9682 | Abyss:1  | Noticed a flying skull
  9690 | Abyss:1  | Killed a flying skull
  9690 | Abyss:1  | Reached skill level 8 in Stealth
  9695 | Abyss:1  | Killed a flying skull
  9695 | Abyss:1  | Reached skill level 5 in Dodging
  9695 | Abyss:1  | Reached XP level 8. HP: 33/48 MP: 12/12
  9697 | D:2      | Escaped the Abyss
  9849 | D:2      | XOM: polymorph rat -> goblin
  9855 | D:2      | Reached * piety under Fedhas
 10211 | D:3      | XOM: medium Pois miscast
 10215 | D:3      | Noticed namnharef's ghost (weakling FoMo)
 10229 | D:3      | Killed namnharef's ghost
 10229 | D:3      | Reached skill level 9 in Stealth
 10515 | D:3      | Noticed Jessica
 10518 | D:3      | Killed Jessica
 10768 | D:5      | XOM: summons 14 hostile demons
 10951 | D:5      | Reached skill level 1 in Invocations
 11145 | D:4      | XOM: medium Summ miscast
 11412 | D:5      | Reached skill level 10 in Stealth
 11477 | D:5      | Noticed Sigmund
 11909 | D:5      | Killed Sigmund
 11909 | D:5      | Reached XP level 9. HP: 53/53 MP: 14/14
 12422 | D:6      | Lost mutation: You are weak. (Str -2) [potion of mutation]
 12422 | D:6      | Gained mutation: You are robust (+10% HP). [potion of mutation]
 12509 | D:6      | Reached skill level 11 in Stealth
 12601 | D:6      | Found Taceegri's Book Boutique.
 12637 | D:6      | Found an oddly glowing altar of Pakellas.
 12637 | D:6      | Noticed a rakshasa
 12652 | D:6      | Killed a rakshasa
 13064 | D:7      | XOM: 4-stop teleportation journey
 13113 | D:7      | Reached ** piety under Fedhas
 13271 | D:7      | Got a vibrating garnet amulet
 13400 | D:7      | Gained mutation: Your spells are a little harder to cast, but a little more powerful. [mutagenic meat]
 13401 | D:7      | Lost mutation: You are robust (+10% HP). [mutagenic meat]
 13402 | D:7      | Gained mutation: Your natural rate of healing is unusually fast. [mutagenic meat]
 13404 | D:7      | Gained mutation: Your muscles are strong. (Str +2) [mutagenic meat]
 13420 | D:7      | Gained mutation: You have very sharp teeth. [potion of mutation]
 13586 | D:7      | XOM: noise
 13750 | D:7      | XOM: mild Ice miscast
 14070 | D:7      | Identified the amulet "Asixkuq" {Dismiss rN+ Str-2 SInv} (You found it on level 7 of the Dungeon)
 14100 | D:8      | Noticed Erica
 14107 | D:8      | Killed Erica
 14107 | D:8      | Reached skill level 12 in Stealth
 14107 | D:8      | Reached skill level 5 in Invocations
 14107 | D:8      | Reached XP level 10. HP: 55/58 MP: 15/15
 14171 | D:8      | Got an ichor-stained dagger
 14172 | D:8      | Identified the cursed +1 dagger of Trauma {freeze, rPois rF+ Dex+4} (You found it on level 8 of the Dungeon)
 14271 | D:8      | Found a flagged portal.
 14413 | Bailey   | XOM: noise
 14413 | Bailey   | Entered a bailey
 14440 | Bailey   | Reached *** piety under Fedhas
 14572 | Bailey   | Noticed an orc high priest
 14579 | Bailey   | Killed an orc high priest
 14640 | Bailey   | Found an iron altar of Okawaru.
 14640 | Bailey   | Noticed an orc high priest
 14658 | Bailey   | Killed an orc high priest
 14735 | Bailey   | Got a brightly glowing arbalest
 14738 | Bailey   | Gained mutation: You can translocate small distances at will. [potion of mutation]
 14755 | Bailey   | Noticed an orc knight
 14802 | Bailey   | Noticed an orc knight
 14814 | Bailey   | Noticed a torpor snail
 14814 | Bailey   | an orc knight changed into a torpor snail
 14818 | Bailey   | Killed a torpor snail
 14861 | Bailey   | Reached skill level 13 in Stealth
 15152 | Bailey   | Identified the +3 arbalest "Obatouqo" {speed, Dex+6} (You took it off a goblin in a bailey)
 15235 | D:8      | XOM: noise
 15357 | D:8      | Noticed Pikel
 15372 | D:8      | Killed Pikel
 15468 | D:8      | Found a bloodstained altar of Trog.
 15472 | D:8      | XOM: noise
 15887 | D:8      | XOM: harmless Air miscast
 16436 | D:9      | Reached **** piety under Fedhas
 16460 | D:9      | Reached XP level 11. HP: 42/63 MP: 16/16
 16475 | D:9      | Reached skill level 10 in Dodging
 16539 | D:9      | Identified a +2 rod of ignition (10/10) (You acquired it on level 9 of the Dungeon)
 16915 | D:9      | Found a glowing silver altar of Zin.
 16915 | D:9      | Found a white marble altar of Elyvilon.
 17078 | D:9      | Noticed Maurice
 17091 | D:9      | Killed Maurice
 17203 | D:9      | XOM: noise
 17210 | D:9      | Found an opulent altar of Gozag.
 17307 | D:10     | Entered Level 10 of the Dungeon
 17307 | D:10     | Noticed namnharef's ghost (journeyman DDMo)
 17316 | D:10     | Killed namnharef's ghost
 17400 | D:10     | Identified Sif Muna's Papyrus of Displaced Necromancy
 17558 | D:10     | XOM: medium Air miscast
 17640 | D:10     | Reached ***** piety under Fedhas
 17740 | D:10     | XOM: medium Pois miscast
 17760 | D:10     | Found a staircase to the Lair.
 17834 | D:10     | XOM: noise
 17851 | D:10     | XOM: mild Divn miscast
 18002 | D:10     | XOM: mild Divn miscast
 18257 | D:11     | Reached skill level 14 in Stealth
 18465 | D:11     | XOM: polymorph wandering mushroom -> wandering mushroom
 18540 | D:11     | XOM: mild Hex miscast
 18624 | D:11     | Noticed a cyclops
 18652 | D:11     | Killed a cyclops
 18852 | D:11     | XOM: mild Hex miscast
 18895 | D:11     | XOM: mild Chrm miscast
 18933 | D:11     | XOM: medium Necr miscast
 18956 | D:11     | XOM: mild Divn miscast
 19207 | D:11     | Noticed a red ugly thing
 19248 | D:11     | Slain by a red ugly thing

Vault maps used:
D:1:      dpeg_arrival_short_road, serial_bayou_lagoon_b
D:2:      first_bread, uniq_iyjb
D:3:      uniq_jessica
D:4:      serial_shops, shop
D:5:      uniq_sigmund
D:6:      serial_shops, shop, gammafunk_pakellas_cloud_experiment
D:7:      grunt_ogre_cave
D:8:      enter_bailey_8, basic_altar, uniq_pikel, uniq_erica
D:9:      gammafunk_temple_overflow_elements, nicolae_gozag_seed_capital,
          uniq_maurice
D:10:     lair_0_dummy
D:11:     boulder_corridor_run, serial_glass, glass_columns_a, glass_columns_b
Temple:   grunt_wide_crystal_templ_18
Bailey:   bailey_axe_of_yendor_kennysheep, bailey

Skill      XL: |  1  2  3  4  5  6  7  8  9 10 11 |
---------------+----------------------------------+-----
Stealth        | 2 3 4 5 6 8 10 12 13 14 | 14.1
Evocations     | 4 5 6 7 9 |  9.0
Dodging        | 3 4 5 8 9 11 | 11.1
Invocations    | 2 5 7 8 |  8.7
Fighting       | |  1.7
Short Blades   | |  1.0

Action                   |  1- 3 |  4- 6 |  7- 9 | 10-12 || total
-------------------------+-------+-------+-------+-------++-------
Melee: Short sword       |    37 |   100 |   227 |   302 ||   666
 Fire: Arbalest          |       |       |       |    35 ||    35
       Blowgun           |       |       |       |     1 ||     1
Invok: Evolution         |       |       |     5 |     4 ||     9
       Sunlight          |       |       |     1 |     1 ||     2
 Abil: Blink             |       |       |       |     1 ||     1
Evoke: Wand              |       |     5 |    17 |    20 ||    42
       Rod               |       |       |       |     5 ||     5
  Use: Potion            |     2 |       |     8 |     1 ||    11
       Scroll            |       |     6 |    13 |    12 ||    31
 Stab: Sleeping          |     3 |     9 |    29 |    21 ||    62
       Invisible         |       |       |     3 |       ||     3
       Confused          |       |       |     1 |     2 ||     3
       Distracted        |       |       |       |     2 ||     2
  Eat: Chunk             |       |     4 |     7 |     4 ||    15
       Bread ration      |       |       |     6 |       ||     6
       Meat ration       |       |       |     1 |     3 ||     4
       Beef jerky        |       |       |     2 |     3 ||     5
       Pizza             |       |       |       |     1 ||     1
